 Dungeon Crawl Stone Soup version 0.16-a0-3946-g4f19e5c (webtiles) character file.

67 Fv001 the Conjurer (level 4, 0/46 HPs)
             Began as a Demonspawn Conjurer on Feb 9, 2015.
             Slain by Uberwunderbarhen's ghost (3 damage)
             ... on level 3 of the Dungeon.
             The game lasted 00:09:42 (1995 turns).

Fv001 the Conjurer (Demonspawn Conjurer)            Turns: 1995, Time: 00:09:42

Health: 0/46       AC: 22    Str:  9    XL:     4   Next: 0%
Magic:  0/7        EV:  2    Int: 16    God:
Gold:   107        SH:  0    Dex: 14    Spells: 3 memorised, 1 level left

rFire  . . .     SeeInvis .     i - +0 club
rCold  . . .     Clarity  .     a - melded +0 robe
rNeg   + + +     SustAb   .     (no shield)
rPois  +         Gourm    .     l - melded +0 helmet
rElec  .         Spirit   .     (cloak currently unavailable)
rCorr  .         Warding  .     (gloves currently unavailable)
rMut   .         NoTele   +     (boots currently unavailable)
MR     .....                    (no amulet)
Stlth  +++.......               (no ring)
                                (no ring)

@: lethally poisoned (0 -> -15), tree-form, not resistant to hostile
enchantments, fairly stealthy
A: (molten scales 0), nightstalker 1
a: no special abilities


You were on level 3 of the Dungeon.
You were hungry.
You were a tree.
You visited 1 branch of the dungeon, and saw 3 of its levels.

You collected 107 gold pieces.

Inventory:

Hand weapons
 i - a +0 club (weapon)
Armour
 a - a +0 robe (melded)
 l - a +0 helmet (melded)
Scrolls
 s - a scroll of immolation {unknown}
Potions
 h - a potion of might {unknown}
 k - a potion of magic {unknown}
 p - a potion of resistance {unknown}
Books
 c - a book of Conjurations

   Spells                             Type                      Level
   a - Magic Dart                     Conjuration                  1
   b - Searing Ray                    Conjuration                  2
   c - Dazzling Spray                 Conjuration/Hexes            3
   d - Fulminant Prism                Conjuration/Hexes            4
   e - Iskenderun's Mystic Blast      Conjuration                  4
   f - Iskenderun's Battlesphere      Conjuration/Charms           5
 q - an Akashic Record {highlevel, unknown}

   This book is beyond your current level of understanding.

   Spells                             Type                      Level
   a - Dispersal                      Translocation                6
   b - Controlled Blink               Translocation                7
   c - Malign Gateway                 Summoning/Translocation      7
   d - Disjunction                    Translocation                8
   e - Singularity                    Translocation                9
Comestibles
 b - a bread ration
 d - a chunk of flesh
 f - 2 royal jellies
 j - 7 fruits
 m - a beef jerky
 o - a meat ration


   Skills:
 + Level 0.4 Fighting
 + Level 2.4 Dodging
 + Level 2.1 Stealth
 + Level 2.2 Spellcasting
 + Level 4.8 Conjurations


You had one spell level left.
You knew the following spells:

 Your Spells              Type           Power        Failure   Level  Hunger
a - Magic Dart            Conj           ###.         3%          1    #......
b - Searing Ray           Conj           ###...       6%          2    ###....
c - Dazzling Spray        Conj/Hex       #.......     28%         3    ###....


Dungeon Overview and Level Annotations

Branches:
Dungeon (3/15)

Altars:

Annotations:
D:3 Uberwunderbarhen's ghost, average SpEn


Innate Abilities, Weirdness & Mutations

((You are partially covered in molten scales (AC +1).))
You are slightly more attuned to the shadows.


Message History

Aim: Uberwunderbarhen's ghost, wielding a weapon of venom (severely damaged)
The magic dart hits Uberwunderbarhen's ghost.
Uberwunderbarhen's ghost is almost destroyed.
* * * LOW HITPOINT WARNING * * *
You feel sick. Uberwunderbarhen's ghost hits you.
* * * LOW HITPOINT WARNING * * *
Unknown command.
Drink which item? (? for menu, Esc to quit)
It was a potion of lignification.
You turn into a tree.
Your +0 helmet melds into your body.
Your +0 robe melds into your body.
Your roots penetrate the ground.
* * * LOW HITPOINT WARNING * * *
You feel sick.
Uberwunderbarhen's ghost barely misses you.
Unknown command.
You hit Uberwunderbarhen's ghost but do no damage.
Uberwunderbarhen's ghost is almost destroyed.
* * * LOW HITPOINT WARNING * * *
You feel sick. Uberwunderbarhen's ghost hits you.
You die...

*,,* *,* *,,,* *,,,* #.#.... **,*
*,* *,,,* *,,,* #.#.### *,***,*
*,,,#######* #.#.... *,*,,,*
*,,,#.....# #.##... *,*,*,*
*,,,#.....# #.##.## *,,,#,*
*,,,#.....# #.#....
*#..#.#####*#.....#######.####.
**#........###..................
**,............W♣.(..............
,,,,#........................##.#
,,,,##.......................##..
,,,,*#..####.................####
,,,,*##>* #############.#####
,,,,* *** #.# ,,,,* #.# ,,,,*
#.#******* ,,,,* #..,,,,,,,


You could see Uberwunderbarhen's ghost.

Vanquished Creatures
  3 adders (D:2)
  A worm (D:2)
  A giant cockroach (D:1)
  5 goblins
  5 hobgoblins
  3 jackals (D:1)
  8 bats
  A giant newt (D:3)
  4 kobolds (D:2)
  3 rats
34 creatures vanquished.

Notes
Turn   | Place    | Note
--------------------------------------------------------------
     0 | D:1      | Fv001, the Demonspawn Conjurer, began the quest for the Orb.
     0 | D:1      | Reached XP level 1. HP: 13/13 MP: 3/3
   239 | D:1      | Gained mutation: You are partially covered in molten scales (AC +1). [demonic ancestry]
   239 | D:1      | Reached XP level 2. HP: 11/19 MP: 0/4
   276 | D:1      | Learned a level 2 spell: Searing Ray
   891 | D:2      | Gained mutation: You are slightly more attuned to the shadows. [demonic ancestry]
   891 | D:2      | Reached XP level 3. HP: 13/25 MP: 0/6
   945 | D:2      | Learned a level 3 spell: Dazzling Spray
  1958 | D:3      | Reached XP level 4. HP: 29/31 MP: 7/7
  1973 | D:3      | Noticed Uberwunderbarhen's ghost (average SpEn)
  1995 | D:3      | Slain by Uberwunderbarhen's ghost

Action                   |  1- 3 |  4- 6 || total
-------------------------+-------+-------++-------
Melee: Club              |    71 |     5 ||    76
       Unarmed           |     6 |       ||     6
 Cast: Magic Dart        |    53 |     5 ||    58
       Searing Ray       |     1 |     1 ||     2
  Use: Scroll            |     2 |       ||     2
       Potion            |     1 |     3 ||     4
 Stab: Sleeping          |     4 |       ||     4
  Eat: Chunk             |     4 |       ||     4
